 Dungeon Crawl Stone Soup version 0.19-a0-1896-g611e798 (webtiles) character file.

693 Jorund the Chopper (level 7, -6/52 HPs)
             Began as a Demonspawn Fighter on Oct 19, 2016.
             Mangled by an orc warrior
             ... wielding a +0 trident
              (14 damage)
             ... on level 4 of the Dungeon.
             The game lasted 00:06:16 (3418 turns).

Jorund the Chopper (Demonspawn Fighter)             Turns: 3418, Time: 00:06:16

Health: -6/52      AC:  9    Str: 18    XL:     7   Next: 37%
Magic:  7/7        EV:  9    Int: 10    God:
Gold:   113        SH:  0    Dex: 14    Spells: 0 memorised, 6 levels left

rFire  . . .     SeeInvis .     a - +0 war axe
rCold  . . .     Gourm    .     b - +0 scale mail
rNeg   . . .     Faith    .     (no shield)
rPois  .         Spirit   .     (no helmet)
rElec  .         Reflect  .     (no cloak)
rCorr  .         Harm     .     h - +0 pair of gloves
MR     .....                    u - +0 pair of boots
Stlth  +.........               (no amulet)
                                (no ring)
                                (no ring)

@: no status effects
A: thin skeletal structure 1, demonic guardian 1, powered by pain 1
a: no special abilities


You were on level 4 of the Dungeon.
You were not hungry.

You visited 1 branch of the dungeon, and saw 4 of its levels.

You collected 113 gold pieces.

Inventory:

Hand Weapons
 a - a +0 war axe (weapon)
 e - a +0 blowgun
 x - a +0 battleaxe
Missiles
 i - 4 poisoned needles
 s - 2 javelins (quivered)
Armour
 b - a +0 scale mail (worn)
 c - a +0 shield
 h - a +0 pair of gloves (worn)
 q - a +0 chain mail
 u - a +0 pair of boots (worn)
Wands
 o - a wand of random effects (27/48)
Scrolls
 l - a scroll of fear
 n - a scroll of amnesia
 r - a scroll of recharging
Potions
 d - a potion of invisibility {unknown}
 g - a potion of lignification {unknown}
 m - a potion of degeneration {unknown}
 p - 2 potions of berserk rage {unknown}
 z - a potion of cure mutation {unknown}
Comestibles
 f - 2 bread rations
 j - a meat ration
 t - a beef jerky
 w - a slice of pizza


   Skills:
 - Level 3.0 Fighting
 + Level 6.4 Axes
 + Level 4.9 Armour
 - Level 2.6 Shields


You had 6 spell levels left.
You didn't know any spells.

Dungeon Overview and Level Annotations

Branches:
Dungeon (4/15)
 Temple: D:4-7

Altars:
Cheibriados
Gozag
Uskayaw
The Shining One


Innate Abilities, Weirdness & Mutations

You have a somewhat thin skeletal structure. (Dex +2, Stealth)
A weak demonic guardian rushes to your aid.
You sometimes gain a little power by taking damage.


Message History

The orc warrior barely misses you. x2
Unknown command.
You closely miss the orc warrior.
The orc warrior is severely wounded.
The orc warrior hits you with a trident!
* * * LOW HITPOINT WARNING * * *
You feel better.
The orc warrior hits you with a trident.
* * * LOW HITPOINT WARNING * * *
You closely miss the orc warrior.
The orc warrior is severely wounded.
The orc warrior closely misses you.
You closely miss the orc warrior.
The orc warrior is severely wounded.
The orc warrior barely misses you.
A worm comes into view.
You hit the orc warrior but do no damage.
The orc warrior is severely wounded.
The orc warrior hits you with a trident!
You die...

### #..#.####.###.#.##
# #..#.#... .<.#.#
#######..#.#.## #.#.#.#
......#..#.#..# #.#.#.#
##....#..#.#.##.#.#.#.#
##....#...........#.#.#
.#....#.##.#<#.####|#.#
.#.[..#....#.#.o...)#.#
......#.####...)@####.#
#.#.#.#. w.....)......#
....#.#. #...(....#####
#...#.#. #........#
....#.# #........#
##..# ###.....## ...
#.....# #..# #.....#
#.....#


You could see an orc warrior and a worm.

Vanquished Creatures
  Grinder (D:3)
  Sigmund (D:3)
  A centaur (D:3)
  A scorpion (D:3)
  2 orc wizards
  2 worker ants (D:4)
  Terence (D:3)
  Robin (D:4)
  5 adders
  2 oozes
  An adder zombie (D:1)
  A worm (D:2)
  A dart slug (D:2)
  3 leopard geckos
  9 orcs
  A bat zombie (D:1)
  5 giant cockroaches
  15 goblins
  7 hobgoblins
  3 jackals (D:2)
  6 kobolds
  2 ball pythons (D:2)
  2 bats
  4 frilled lizards
  12 rats
89 creatures vanquished.

Vanquished Creatures (collateral kills)
  An orc priest (D:3)
  A leopard gecko (D:3)
  2 orcs
  A rat (D:3)
5 creatures vanquished.

Grand Total: 94 creatures vanquished

Notes
Turn   | Place    | Note
-------+----------+-------------------------------------------
     0 | D:1      | Jorund the Demonspawn Fighter began the quest for the Orb.
     0 | D:1      | Reached XP level 1. HP: 18/18 MP: 1/1
    36 | D:1      | Reached skill level 2 in Axes
    97 | D:1      | Gained mutation: You sometimes gain a little power by taking damage. [demonic ancestry]
    97 | D:1      | Reached XP level 2. HP: 15/24 MP: 2/2
   731 | D:2      | Reached XP level 3. HP: 28/29 MP: 3/3
   801 | D:2      | Reached skill level 3 in Axes
   819 | D:2      | Found a hide-covered altar of Uskayaw.
  1215 | D:2      | Found a faded altar of an unknown god.
  1277 | D:2      | Gained mutation: A weak demonic guardian rushes to your aid. [demonic ancestry]
  1277 | D:2      | Reached XP level 4. HP: 27/35 MP: 4/4
  1318 | D:2      | Found an opulent altar of Gozag.
  1412 | D:3      | Noticed Sigmund
  1574 | D:3      | Noticed a centaur
  1582 | D:3      | Killed a centaur
  1582 | D:3      | Reached skill level 4 in Axes
  1582 | D:3      | Reached XP level 5. HP: 19/41 MP: 5/5
  2092 | D:3      | Noticed Terence
  2116 | D:3      | Killed Terence
  2116 | D:3      | Reached skill level 5 in Axes
  2116 | D:3      | Reached XP level 6. HP: 12/47 MP: 6/6
  2543 | D:3      | Noticed Grinder
  2552 | D:3      | Paralysed by Grinder for 7 turns
  2567 | D:3      | Killed Grinder
  2576 | D:3      | Found a snail-covered altar of Cheibriados.
  2719 | D:3      | Killed Sigmund
  2719 | D:3      | Reached skill level 6 in Axes
  2719 | D:3      | Gained mutation: You have a somewhat thin skeletal structure. (Dex +2, Stealth) [demonic ancestry]
  2719 | D:3      | Reached XP level 7. HP: 32/52 MP: 7/7
  2787 | D:3      | Found a glowing golden altar of the Shining One.
  3031 | D:4      | Noticed Robin
  3047 | D:4      | Killed Robin
  3414 | D:4      | HP: 2/52 [orc warrior/trident (10)]
  3418 | D:4      | Mangled by an orc warrior

Vault maps used:
D:1:      saegor_arrival_fortress
D:2:      lemuel_coloured_pillars_altar, lemuel_crystal_altar,
          ecumenical_altar_1, hangedman_decor_points
D:3:      lemuel_doored_altar, tso_altar, uniq_grinder, uniq_terence,
          uniq_sigmund
D:4:      uniq_robin

Skill      XL: |  1  2  3  4  5  6 |
---------------+-------------------+-----
Axes           | 2 3 4 5 6 |  6.4
Armour         | 3 4 |  4.9
Fighting       | |  3.0
Shields        | |  2.6

Action                   |  1- 3 |  4- 6 |  7- 9 || total
-------------------------+-------+-------+-------++-------
Melee: War axe           |    92 |   136 |    56 ||   284
Throw: Javelin           |       |     3 |       ||     3
  Use: Scroll            |       |     4 |       ||     4
       Potion            |       |     2 |     2 ||     4
  Eat: Chunk             |       |     6 |     2 ||     8
Armor: Scale mail        |    70 |    75 |    34 ||   179
Dodge: Dodged            |    67 |    58 |    36 ||   161
